 Dungeon Crawl Stone Soup version 0.31-a0-83-gbff143cfd1 (webtiles) character file.

Game seed: 8588996075970347272

75062 MackTheKnife the Thaumaturge (level 15, -3/129 HPs)
             Began as a Naga Hedge Wizard on May 3, 2023.
             Was a High Priest of Cheibriados.
             Slain by a freezing wraith (22 damage)
             ... led by a death knight
             ... on level 14 of the Dungeon on May 24, 2023.
             The game lasted 00:47:12 (30706 turns).

MackTheKnife the Thaumaturge (Naga Hedge Wizard)   Turns: 30706, Time: 00:47:13

Health: -3/129     AC: 30    Str: 25    XL:     15   Next: 48%
Magic:  4/29       EV: 19    Int: 38    God:    Cheibriados [*****.]
Gold:   1171       SH:  0    Dex: 27    Spells: 8/35 levels left

rFire   + + .        y - +4 mace of Puvasu {pain, Will+++, mace}
rCold   . . .        G - orb of Olane {light, rElec}
rNeg    . . .        v - +4 ring mail of the Wheelwright {rF+ Dex+3}
rPois   +            n - +2 helmet
rElec   +            g - +2 cloak "Zogal" {Dex+3}
rCorr   .            u - +0 pair of gloves
SInv    +            E - +3 barding {rF+}
Will    ++...        b - amulet of regeneration {@e2}
Stlth   ++           C - +6 ring of intelligence
HPRegen 1.21/turn    w - +5 ring of evasion
MPRegen 0.21/turn

%: no passive effects
@: weak-willed, very slightly contaminated, slowed, glowing, very slow
A: AC +5, large, see invisible, deformed body, poison resistance, slowness 2,
spit poison 1, naga tail 2
a: Spit Poison, Renounce Religion, Bend Time, Temporal Distortion, Slouch, Step
From Time


You were on level 14 of the Dungeon.
You worshipped Cheibriados.
Cheibriados was extremely pleased with you.
You visited 3 branches of the dungeon, and saw 21 of its levels.

You collected 2777 gold pieces.
You spent 1606 gold pieces at shops.


Innate Abilities, Weirdness & Mutations

Your serpentine skin is tough. (AC +5)
You have supernaturally acute eyesight. (SInv)
Armour fits poorly on your strangely shaped body.
Your system is resistant to poisons. (rPois)
You cover ground very slowly.
You can spit poison.
You can use your snake-like lower body to constrict enemies.


   Skills:
 - Level 7.3 Fighting
 - Level 8.4 Armour
 - Level 9.1 Dodging
 - Level 7.0 Stealth
 + Level 10.5 Spellcasting
 - Level 10.0 Conjurations
 + Level 3.5 Summonings
 - Level 1.0 Translocations
 - Level 7.1 Transmutations
 + Level 4.7 Ice Magic
 + Level 4.7 Air Magic
 - Level 8.4 Earth Magic
 - Level 6.1 Poison Magic
 - Level 8.5 Invocations


You had 8 spell levels left.
You knew the following spells:

 Your Spells              Type           Power      Damage    Failure   Level
a - Magic Dart            Conj           100%       1d8       1%          1
b - Call Imp              Summ           94%        N/A       1%          2
c - Mephitic Cloud        Conj/Pois/Air  56%        N/A       1%          3
d - Blink                 Tloc           54%        N/A       2%          2
e - Stone Arrow           Conj/Erth      100%       3d13      1%          3
f - Wereblood             Tmut           65%        N/A       1%          2
g - Irradiate             Conj/Tmut      33%        3d22      3%          5
h - Freezing Cloud        Conj/Ice/Air   27%        6-21      11%         5
i - Summon Lightning Spi  Summ/Air       41%        N/A       9%          4

Your spell library contained the following spells:

 Spells                   Type           Power      Damage    Failure   Level
 Apportation              Tloc           54%        N/A       1%          1
 Beastly Appendage        Tmut           100%       N/A       1%          1
 Sandblast                Erth           100%       2d20      1%          1
 Shock                    Conj/Air       100%       1d9       1%          1
 Summon Small Mammal      Summ           100%       N/A       1%          1
 Cigotuvi's Dreadful Rot  Necr/Pois/Air  68%        N/A       1%          2
 Passwall                 Tmut/Erth      51%        N/A       1%          2
 Poisonous Vapours        Pois/Air       100%       N/A       1%          2
 Static Discharge         Conj/Air       100%       2-7/arc   1%          2
 Spider Form              Tmut/Pois      57%        N/A       1%          3
 Swiftness                Air            54%        N/A       1%          3
 Petrify                  Tmut/Erth      62%        N/A       1%          4
 Necrotise                Necr           80%        1d8       2%          1
 Slow                     Hex            80%        N/A       2%          1
 Ensorcelled Hibernation  Hex/Ice        54%        N/A       2%          2
 Airstrike                Air            27%        2d(4-20)  3%          4
 Animate Armour           Summ/Erth      100%       N/A       3%          4
 Sublimation of Blood     Necr           20%        N/A       4%          2
 Flame Wave               Conj/Fire      48%        2d12      6%          4
 Sticky Flame             Conj/Fire      48%        2d7       6%          4
 Inner Flame              Hex/Fire       10%        N/A       14%         3
 Anguish                  Hex/Necr       5%         N/A       43%         4
 Lehudib's Crystal Spear  Conj/Erth      34%        10d9      100%        8
 Maxwell's Capacitive Co  Air            27%        ∞         100%        8

Inventory:

Hand Weapons
 m - a +3 dagger of flaming {short}
   (You took it off a goblin on level 2 of the Dungeon)
 y - the +4 mace of Puvasu (weapon) {pain, Will+++, mace}
   (You found it on level 7 of the Dungeon)

   Will:      It greatly increases your willpower.
Missiles
 t - 2 curare-tipped darts {=fthrowing}
Armour
 g - the +2 cloak "Zogal" (worn) {Dex+3}
   (You found it on level 9 of the Dungeon)

   Dex:       It affects your dexterity (+3).
 n - a +2 helmet (worn)
   (You found it on level 2 of the Dungeon)
 u - a +0 pair of gloves (worn)
   (You found it on level 5 of the Dungeon)
 v - the +4 ring mail of the Wheelwright (worn) {rF+ Dex+3}
   (You bought it in a shop on level 5 of the Dungeon)

   Dex:       It affects your dexterity (+3).
   rF:        It protects you from fire.
 E - a +3 barding of fire resistance (worn)
   (You acquired it on level 1 of the Lair of Beasts)
 G - the orb of Olane (worn) {light, rElec}
   (You bought it in a shop on level 5 of the Dungeon)

   rElec:     It insulates you from electricity.
Jewellery
 b - an amulet of regeneration (around neck) {@e2}
   (You found it on level 8 of the Dungeon)
 l - a +6 ring of intelligence
   (You found it on level 6 of the Dungeon)
 r - a ring of resist corrosion
   (You found it on level 2 of the Dungeon)
 w - a +5 ring of evasion (right hand)
   (You found it on level 2 of the Lair of Beasts)
 C - a +6 ring of intelligence (left hand)
   (You found it on level 10 of the Dungeon)
Wands
 B - a wand of light (3)
   (You took it off Maurice on level 2 of the Orcish Mines)
 I - a wand of paralysis (1)
   (You found it on level 4 of the Lair of Beasts)
 L - a wand of digging (11)
   (You found it on level 12 of the Dungeon)
Scrolls
 a - 12 scrolls of teleportation {@r4}
 c - 5 scrolls of fog
 e - 3 scrolls of amnesia
 h - a scroll of enchant weapon
 i - a scroll of magic mapping {!r}
 k - 5 scrolls of immolation {!r!r}
 s - 3 scrolls of blinking {!r}
 A - a scroll of fear
 F - a scroll of brand weapon
 H - a scroll of poison
 M - 2 scrolls of enchant armour
Potions
 d - 2 potions of magic
 f - 5 potions of brilliance
 j - 7 potions of curing {@q1}
 o - 5 potions of lignification {!q}
 p - 4 potions of mutation {!q}
 q - 3 potions of might
 x - a potion of cancellation
 z - a potion of resistance
 D - 4 potions of heal wounds {@q2}

Dungeon Overview and Level Annotations

Branches:
Dungeon (14/15) Zot: 40354  Temple (0/1) D:4            Lair (5/5) D:11 Zot: 28874
  Swamp (0/4) Lair:3        Snake (0/4) Lair:2        Slime (0/5) Lair:4
    Orc (2/2) D:9 Zot: 14363     Elf (0/3) Orc:2
 Vaults: D:13-14

Altars:
Ashenzari
Cheibriados
Fedhas
Hepliaklqana
Kikubaaqudgha
Nemelex Xobeh
Okawaru
Qazlal
Trog
Uskayaw
Wu Jian
Xom
Zin
Jiyva

Shops:
D:5 [*(*:[   D:8 !*   D:10 [:   D:13 ?   Orc:2 (=[(

Annotations:
D:8 exclusion: gargoyle

...... ......# . .......
##############.. .......##
#....>..........
........##..#..........(..
#..........#.............
......##.###..............
#.... ##.W###.#.....^.#
.#.. #...@#.###.<....# ...
####.#..........# ..
##)#............. .
#.....†...........
#.<................
........†.##.....#####
..........#.....##
...........#######
...>........


You could see a freezing wraith.


Message History

The phantasmal warrior closely misses you.
The skeletal warrior hits you with a +2 heavy hand axe!! 😕 HP[-18] MP[-3]
You take 18 damage, and now have 111/129 hp.
You lost 3 mp, and now have 12/29 mp.
The stone arrow hits the skeletal warrior.
A freezing wraith comes into view. 😕 HP[+1] MP[-2]
You lost 2 mp, and now have 10/29 mp.
The stone arrow hits the skeletal warrior!!
You destroy the skeletal warrior!
Cheibriados appreciates the change of pace.
The phantasmal warrior hits you.
Your willpower is stripped away!
The wraith misses you. 😕 HP[-4] MP[-3]
You take 4 damage, and now have 108/129 hp.
You lost 3 mp, and now have 7/29 mp.
Unknown command.
Casting: Stone Arrow (safe; 1% risk of failure)
Confirm with . or Enter, or press ? or * to list all spells.
You erupt in a fountain of uncontrolled magic!
The wraith is blasted with magical radiation!!!
You destroy the wraith!
Cheibriados thoroughly appreciates the change of pace.
The phantasmal warrior is blasted with magical radiation!!!
You are very lightly contaminated with residual magic.
The phantasmal warrior misses you. 😕 HP[+2] MP[-5]
You regained 2 hp, and now have 110/129 hp.
You lost 5 mp, and now have 2/29 mp.
Unknown command.
You hit the phantasmal warrior but do no damage.
The phantasmal warrior hits you! 😕 HP[-10]
You take 10 damage, and now have 100/129 hp.
You hit the phantasmal warrior but do no damage.
The phantasmal warrior hits you but does no damage.
The freezing wraith completely misses you.
The freezing wraith hits you but does no damage.
The phantasmal warrior hits you but does no damage. 😕 HP[+2] MP[+1]
You regained 2 hp, and now have 102/129 hp.
You hit the phantasmal warrior.
The freezing wraith closely misses you. x2
The phantasmal warrior hits you but does no damage. 😕 HP[+2]
You regained 2 hp, and now have 104/129 hp.
You hit the phantasmal warrior but do no damage.
The freezing wraith hits you but does no damage.
The freezing wraith hits you. The freezing wraith drains your vigour!
You feel yourself slow down.
The phantasmal warrior hits you! x2; The freezing wraith misses you.
The freezing wraith completely misses you. 😮 HP[-24]
You take 24 damage, and now have 80/129 hp.
You are too injured to fight recklessly!
You are too injured to fight recklessly!
You are too injured to fight recklessly!
You hit the phantasmal warrior but do no damage.
The freezing wraith misses you. x2; The phantasmal warrior hits you!!
* * * LOW HITPOINT WARNING * * *
The phantasmal warrior barely misses you.
The freezing wraith hits you but does no damage. x2 😨 HP[-20] MP[+1]
You take 20 damage, and now have 60/129 hp.
Unknown command.
Unknown command.
Aiming: Bolt of Light
Press: ? - help, Shift-Dir - straight line, f - phantasmal warrior
Aim: a phantasmal warrior (almost destroyed, haloed, 81% to hit)
The bolt of light hits the phantasmal warrior.
The phantasmal warrior is blinded.
The freezing wraith hits you but does no damage.
The freezing wraith completely misses you.
The phantasmal warrior hits you!!
* * * LOW HITPOINT WARNING * * *
😨 HP[-17]
You take 17 damage, and now have 43/129 hp.
Aiming: Bolt of Light
Press: ? - help, Shift-Dir - straight line, f/p - phantasmal warrior
Aim: a phantasmal warrior (almost destroyed, blind, haloed, 81% to hit)
The bolt of light hits the phantasmal warrior!
You destroy the phantasmal warrior!
Cheibriados thoroughly appreciates the change of pace.
The freezing wraith hits you.
* * * LOW HITPOINT WARNING * * *
The freezing wraith freezes you!
* * * LOW HITPOINT WARNING * * *
The freezing wraith barely misses you. The freezing wraith misses you.
The freezing wraith hits you but does no damage. 😱 HP[-15]
You take 15 damage, and now have 28/129 hp.
Okay, then.
Aiming: Bolt of Light
Press: ? - help, Shift-Dir - straight line, f - freezing wraith
Aim: a freezing wraith (haloed, 81% to hit)
The bolt of light misses the freezing wraith.
The freezing wraith hits you!
* * * LOW HITPOINT WARNING * * *
The freezing wraith freezes you!!
You die...

Skill      XL: |  1  2  3  4  5  6  7  8  9 10 11 12 13 14 15 |
---------------+----------------------------------------------+-----
Summonings     | 2 3 |  3.5
Poison Magic   | 1 2 4 5 6 |  6.1
Spellcasting   | 4 5 6 9 10 | 10.5
Conjurations   | 2 3 4 5 8 10 | 10.0
Fighting       | 4 7 |  7.3
Stealth        | 7 |  7.0
Invocations    | 4 8 |  8.5
Earth Magic    | 6 8 |  8.4
Dodging        | 4 6 9 |  9.1
Armour         | 3 5 8 |  8.4
Transmutations | 7 |  7.1
Ice Magic      | 1 4 |  4.7
Air Magic      | 1 4 |  4.7
Translocations | |  1.0

Action                     |  1- 3 |  4- 6 |  7- 9 | 10-12 | 13-15 || total
---------------------------+-------+-------+-------+-------+-------++-------
  Melee: Dagger            |    37 |    44 |    53 |       |       ||   134
         Punch             |       |       |     3 |     9 |     2 ||    14
         Mace              |       |       |    37 |   223 |   222 ||   482
         War axe           |       |       |    25 |       |       ||    25
         Unarmed           |       |       |       |     9 |       ||     9
         Constrict         |       |       |       |       |    61 ||    61
   Cast: Magic Dart        |    55 |   160 |   245 |    94 |     2 ||   556
         Call Imp          |     5 |     9 |    14 |     3 |       ||    31
         Mephitic Cloud    |       |     1 |    27 |    34 |     5 ||    67
         Blink             |       |       |       |     1 |       ||     1
         Stone Arrow       |       |       |       |   146 |   325 ||   471
         Irradiate         |       |       |       |       |    37 ||    37
         Freezing Cloud    |       |       |       |       |     9 ||     9
         Summon Lightning  |       |       |       |       |     1 ||     1
 Invoke: Slouch            |       |       |       |     6 |    15 ||    21
         Bend Time         |       |       |       |       |     1 ||     1
Ability: Spit Poison       |    11 |     9 |    13 |    13 |     5 ||    51
  Evoke: Wand              |       |       |     3 |     5 |     6 ||    14
    Use: Potion            |     3 |       |       |     2 |     2 ||     7
         Scroll            |       |     7 |     9 |     3 |    11 ||    30
   Stab: Confused          |       |       |     9 |    25 |     7 ||    41
         Sleeping          |       |       |       |     1 |       ||     1
         Invisible         |       |       |       |     4 |       ||     4
 Armour: Robe              |    17 |    25 |    89 |       |       ||   131
         Ring mail         |       |       |       |   263 |   258 ||   521
         Skin              |       |       |       |     2 |       ||     2
  Dodge: Dodged            |    30 |    36 |   130 |   230 |   483 ||   909

Levels and vault maps discovered:
D:1:      minmay_arrival_plants_in_alcoves, layout_basic
D:2:      layout_basic, minmay_misc_feat_square, minmay_ruptured, uniq_robin
D:3:      layout_basic, nicolae_overflow_hidden_temple, serial_bayou_crossing
D:4:      layout_cave_pods, regret_index_temple_of_mockery,
          chequers_temple_overflow_statue_of_worship,
          minmay_temple_entry_overgrown
D:5:      layout_loops_ring, serial_shops, shop, shop, shop,
          nicolae_shop_advertising_works [nicolae_subvault_shop_adworks],
          nicolae_shop_bloodbath_and_beyond, nicolae_stop_n_shop_1,
          chequers_big_river
D:6:      minmay_cornered_nines, layout_basic, zin_scriptorium,
          mainiacjoe_overflow_small_starburst, serial_rivers,
          chequers_serial_rivers_room_b, chequers_serial_rivers_micro_e,
          chequers_serial_rivers_micro_b, chequers_serial_rivers_room_b,
          chequers_serial_rivers_small_b, chequers_serial_rivers_large_b,
          uniq_crazy_yiuf_cottage, uniq_edmund
D:7:      layout_basic, mainiacjoe_overflow_24_doors, grunt_ministairs_8,
          st_stairs_14
D:8:      layout_cave_pools, nicolae_uskayaw_en_pointe, serial_shops, shop,
          hangedman_abyss_or_decor_stabs, nicolae_blasting_shop,
          kennysheep_flooded_box, kennysheep_generic_room_5, uniq_erica
D:9:      minmay_curly_fans, layout_basic, nicolae_qazlal_scattered_showers,
          hiddenorc1_lemuel, palyth_stone_intersect
D:10:     layout_roguey, nicolae_wu_jian_wuxing_cycle, kennysheep_mini_moat,
          mainiacjoe_overflow_chevrons, serial_shops, nicolae_lakefront_shop,
          nicolae_shop_i_like_big_books
D:11:     layout_basic, dpeg_oklobed_lair, nicolae_ashenzari_panopticon
D:12:     layout_big_octagon
D:13:     layout_basic, serial_shops, shop, drop_trap, uniq_lodul
D:14:     gargoyle_guard, layout_cave_pools, ximxim_vaults_locker_room,
          nrook_uturn, nrook_campfire, minmay_misc_feat_diagonals
Lair:1:   lemuel_reptile_caves, layout_cave_pods, grunt_megastairs_2
Lair:2:   layout_cave_shapes, minmay_snake_entry_guardpost_large,
          serial_bayou_shore_b, lemuel_fruit_fields, grunt_megastairs_4
Lair:3:   layout_regular_city, minmay_swamp_entry_reptiles,
          infiniplex_staircase_pool_2, grunt_megastairs_5
Lair:4:   layout_cave_shapes, minmay_slime_entry_pillars, st_stairs_6
Lair:5:   due_jungle_book, layout_small_grid
Orc:1:    layout_caves, guppyfry_library_mini
Orc:2:    st_orc_elflike, layout_diamond_mine, basic_altar, uniq_maurice,
          uniq_urug

Notes
Turn   | Place    | Note
-------+----------+-------------------------------------------
     0 | D:1      | MackTheKnife the Naga Hedge Wizard began the quest for the
                  | Orb.
     0 | D:1      | Reached XP level 1. HP: 15/15 MP: 4/4
     0 | D:1      | magus.rc [v1.9.6]
     0 | D:1      | magus.rc [v1.9.6]
     0 | D:1      | magus.rc [v1.9.6]
     0 | D:1      | magus.rc [v1.9.6]
   370 | D:1      | Reached XP level 2. HP: 22/22 MP: 4/6
   375 | D:1      | magus.rc [v1.9.6]
   375 | D:1      | magus.rc [v1.9.6]
   375 | D:1      | Upgraded the game from 0.31-a0-4-gefa6de2278 to
                  | 0.31-a0-7-g51783674b7
   375 | D:1      | magus.rc [v1.9.6]
   375 | D:1      | Upgraded the game from 0.31-a0-7-g51783674b7 to
                  | 0.31-a0-8-gd14b0f4ee2
   375 | D:1      | magus.rc [v1.9.6]
   375 | D:1      | magus.rc [v1.9.6]
   375 | D:1      | Upgraded the game from 0.31-a0-8-gd14b0f4ee2 to
                  | 0.31-a0-18-gea43df2a32
   375 | D:1      | magus.rc [v1.9.6]
   375 | D:1      | magus.rc [v1.9.6]
   376 | D:1      | magus.rc [v1.9.6]
   376 | D:1      | magus.rc [v1.9.6]
   376 | D:1      | magus.rc [v1.9.6]
   376 | D:1      | magus.rc [v1.9.6]
   376 | D:1      | magus.rc [v1.9.6]
   376 | D:1      | magus.rc [v1.9.6]
   376 | D:1      | magus.rc [v1.9.6]
   376 | D:1      | Upgraded the game from 0.31-a0-18-gea43df2a32 to
                  | 0.31-a0-37-g98a128e1d9
   376 | D:1      | magus.rc [v1.9.6]
   376 | D:1      | Upgraded the game from 0.31-a0-37-g98a128e1d9 to
                  | 0.31-a0-83-gbff143cfd1
   376 | D:1      | magus.rc [v1.9.6]
   432 | D:1      | Learned a level 2 spell: Call Imp
  1184 | D:2      | Reached XP level 3. HP: 23/28 MP: 4/7
  1235 | D:2      | Reached skill level 2 in Summonings
  1626 | D:2      | You pick up a book of Cantrips and begin reading...
  1626 | D:2      | You add the spells Necrotise, Summon Small Mammal and
                  | Apportation to your library.
  1923 | D:2      | Noticed Robin
  1933 | D:2      | HP: 4/28 [Robin/+0 mace (6)]
  1937 | D:2      | Killed Robin
  1968 | D:2      | Reached XP level 4. HP: 24/36 MP: 7/9
  2035 | D:2      | Learned a level 3 spell: Mephitic Cloud
  2622 | D:3      | Reached skill level 1 in Poison Magic
  3333 | D:3      | Reached skill level 4 in Spellcasting
  3336 | D:3      | Reached skill level 2 in Conjurations
  3669 | D:3      | Reached XP level 5. HP: 42/42 MP: 4/11
  3952 | D:4      | Found a snail-covered altar of Cheibriados.
  3954 | D:4      | Found a sparkling altar of Nemelex Xobeh.
  3980 | D:4      | Reached skill level 2 in Poison Magic
  4184 | D:4      | Became a worshipper of Cheibriados the Contemplative
  4358 | D:4      | Found a staircase to the Ecumenical Temple.
  4422 | D:4      | Found a shimmering altar of Xom.
  4423 | D:4      | Found a hazy altar of Hepliaklqana.
  4424 | D:4      | Noticed a spectral ugly thing
  4424 | D:4      | Noticed a black bear
  5140 | D:5      | Entered Level 5 of the Dungeon
  5140 | D:5      | Found Inintats's Assorted Antiques.
  5201 | D:5      | Bought a scroll of identify for 50 gold pieces
  5278 | D:5      | Reached XP level 6. HP: 49/49 MP: 4/12
  5331 | D:5      | Reached * piety under Cheibriados
  5402 | D:5      | Reached skill level 3 in Conjurations
  5402 | D:5      | Reached skill level 3 in Poison Magic
  5540 | D:5      | Found Qyjoar's Antique Armour Shoppe.
  5599 | D:5      | Reached skill level 4 in Poison Magic
  5672 | D:5      | Found Heuc Mihou's Weapon Boutique.
  5679 | D:5      | Bought 2 curare-tipped darts for 36 gold pieces
  5709 | D:5      | Reached skill level 5 in Spellcasting
  5709 | D:5      | Reached XP level 7. HP: 44/55 MP: 7/14
  5801 | D:5      | Found Atugyts's Antique Armour Emporium.
  5836 | D:5      | Found Xozieqacs's General Store.
  5893 | D:5      | Found Jochuag's Book Boutique.
  6146 | D:5      | Reached skill level 4 in Conjurations
  6345 | D:5      | Reached skill level 5 in Poison Magic
  6672 | D:5      | Reached XP level 8. HP: 62/62 MP: 11/16
  7100 | D:6      | Reached ** piety under Cheibriados
  7329 | D:5      | Learned a level 2 spell: Blink
  7345 | D:6      | Reached skill level 6 in Poison Magic
  7353 | D:6      | Reached skill level 5 in Conjurations
  7463 | D:6      | Reached skill level 1 in Fighting
  7474 | D:6      | Reached skill level 4 in Stealth
  7574 | D:6      | Found an ancient bone altar of Kikubaaqudgha.
  7619 | D:6      | Reached skill level 2 in Fighting
  7619 | D:6      | Reached skill level 5 in Stealth
  7964 | D:6      | Reached skill level 3 in Fighting
  7964 | D:6      | Reached skill level 6 in Stealth
  8134 | D:6      | Noticed Edmund
  8151 | D:6      | Killed Edmund
  8262 | D:6      | Reached skill level 7 in Stealth
  8330 | D:6      | Noticed a yak
  8373 | D:6      | Found a runed translucent door.
  8374 | D:6      | Noticed Crazy Yiuf
  8431 | D:6      | Killed Crazy Yiuf
  8432 | D:6      | Reached skill level 4 in Fighting
  8829 | D:6      | Reached XP level 9. HP: 47/79 MP: 8/17
  8946 | D:6      | Reached skill level 5 in Fighting
  8991 | D:6      | Found a glowing silver altar of Zin.
  9244 | D:7      | Reached *** piety under Cheibriados
  9358 | D:7      | Reached skill level 6 in Fighting
  9504 | D:7      | Found a bloodstained altar of Trog.
  9631 | D:7      | Identified the +4 mace of Puvasu {pain, Will+++}
  9675 | D:7      | HP: 18/85 [something/ball of steam (18)]
  9686 | D:7      | Reached skill level 7 in Fighting
  9975 | D:7      | You pick up a book of Dreams and begin reading...
  9975 | D:7      | You add the spells Ensorcelled Hibernation, Spider Form and
                  | Anguish to your library.
 10170 | D:7      | Identified the +1 pair of boots of the Crypt {+Inv Str+3}
 10368 | D:8      | Noticed Erica
 10515 | D:8      | You pick up a book of Changes and begin reading...
 10515 | D:8      | You add the spells Beastly Appendage and Wereblood to your
                  | library.
 10539 | D:8      | Reached skill level 6 in Spellcasting
 10539 | D:8      | Reached skill level 1 in Invocations
 10543 | D:8      | Reached **** piety under Cheibriados
 10671 | D:8      | Noticed a +0 short sword
 10671 | D:8      | Noticed a +0 spear
 10672 | D:8      | Noticed a +0 falchion
 10674 | D:8      | Noticed a +0 falchion
 10674 | D:8      | Noticed a +0 short sword
 10675 | D:8      | Noticed a +0 dagger
 10675 | D:8      | Noticed a +0 spear
 10676 | D:8      | Noticed a +0 dagger
 10678 | D:8      | Found a hide-covered altar of Uskayaw.
 10687 | D:8      | Reached skill level 2 in Invocations
 10774 | D:8      | Reached skill level 3 in Invocations
 10856 | D:8      | Reached skill level 4 in Invocations
 10856 | D:8      | Reached XP level 10. HP: 74/94 MP: 7/20
 10856 | D:8      | Killed Erica
 10857 | D:8      | Reached skill level 7 in Spellcasting
 10857 | D:8      | Reached skill level 5 in Invocations
 11089 | D:5      | Bought a crude ring mail for 243 gold pieces
 11089 | D:5      | Identified the +4 ring mail of the Wheelwright {rF+ Dex+3}
                  | (You bought it in a shop on level 5 of the Dungeon)
 11154 | D:6      | Noticed a gargoyle
 11171 | D:6      | HP: 18/94 [gargoyle/stone arrow (22)]
 11173 | D:6      | Killed a gargoyle
 11174 | D:6      | Reached skill level 8 in Spellcasting
 11174 | D:6      | Reached skill level 6 in Invocations
 11548 | D:8      | Found Veran's Demolitions Depot.
 11581 | D:8      | Found Bifufi Denobb's Distillery.
 11694 | D:8      | Noticed a gargoyle
 11847 | D:9      | Noticed a deep elf pyromancer
 11851 | D:9      | Killed a deep elf pyromancer
 11852 | D:9      | Noticed a tengu warrior
 11854 | D:9      | Noticed a gargoyle
 11856 | D:9      | Reached skill level 7 in Invocations
 11857 | D:9      | Killed a tengu warrior
 12036 | D:9      | Reached skill level 9 in Spellcasting
 12060 | D:9      | Reached skill level 8 in Invocations
 12204 | D:9      | Reached XP level 11. HP: 100/100 MP: 2/24
 12489 | D:9      | You pick up a book of Armaments and begin reading...
 12489 | D:9      | You add the spells Stone Arrow, Animate Armour and
                  | Lehudib's Crystal Spear to your library.
 12494 | D:9      | Learned a level 3 spell: Stone Arrow
 12494 | D:9      | Identified the +2 cloak "Zogal" {Dex+3}
 12609 | D:9      | Reached skill level 1 in Earth Magic
 12757 | D:9      | Found a staircase to the Orcish Mines.
 13000 | D:9      | Found a stormy altar of Qazlal.
 13338 | Orc:1    | Entered Level 1 of the Orcish Mines
 13338 | Orc:1    | Noticed an orc sorcerer
 13338 | Orc:1    | Noticed an ogre mage
 13338 | Orc:1    | Noticed a two-headed ogre
 13338 | Orc:1    | Noticed a two-headed ogre
 13339 | Orc:1    | Noticed a two-headed ogre
 13341 | Orc:1    | Reached skill level 2 in Earth Magic
 13341 | Orc:1    | Killed an ogre mage
 13341 | Orc:1    | Killed a two-headed ogre
 13341 | Orc:1    | Killed a two-headed ogre
 13342 | Orc:1    | Reached skill level 6 in Conjurations
 13342 | Orc:1    | Reached skill level 4 in Earth Magic
 13342 | Orc:1    | Noticed an orc knight
 13343 | Orc:1    | Killed a two-headed ogre
 13343 | Orc:1    | Noticed a two-headed ogre
 13345 | Orc:1    | Reached skill level 7 in Conjurations
 13477 | D:10     | Entered Level 10 of the Dungeon
 13591 | D:10     | Found an ornate altar of the Wu Jian Council.
 13708 | D:10     | Found a blossoming altar of Fedhas.
 13775 | D:10     | Noticed a two-headed ogre
 13781 | D:10     | Killed a two-headed ogre
 13782 | D:10     | Reached skill level 5 in Earth Magic
 14003 | D:10     | Found Novvuep's Tremendous Tomes.
 14110 | D:10     | You pick up a book of Geomancy and begin reading...
 14110 | D:10     | You add the spells Sandblast and Passwall to your library.
 14145 | D:10     | Found an iron altar of Okawaru.
 14178 | D:10     | Found Ratad's Antique Armour Emporium.
 14302 | D:8      | Bought a potion of heal wounds for 55 gold pieces
 14595 | D:11     | Noticed a cyclops
 14597 | D:11     | Noticed a manticore
 14604 | D:11     | Killed a cyclops
 14605 | D:11     | Reached skill level 8 in Conjurations
 14605 | D:11     | Killed a manticore
 14606 | D:11     | Reached skill level 6 in Earth Magic
 14749 | D:11     | Found a broken altar of Ashenzari.
 14919 | D:11     | Reached XP level 12. HP: 107/109 MP: 18/25
 15185 | D:11     | Noticed a two-headed ogre
 15193 | D:11     | Killed a two-headed ogre
 15530 | D:11     | Found a staircase to the Lair.
 15720 | D:11     | Reached skill level 7 in Earth Magic
 16169 | Lair:1   | Entered Level 1 of the Lair of Beasts
 16229 | Lair:1   | Learned a level 2 spell: Wereblood
 16236 | Lair:1   | Reached skill level 9 in Conjurations
 16266 | Lair:1   | Noticed a catoblepas
 16274 | Lair:1   | Killed a catoblepas
 16300 | Lair:1   | Reached ***** piety under Cheibriados
 16493 | Lair:1   | Reached skill level 8 in Earth Magic
 16747 | Lair:1   | Reached skill level 10 in Conjurations
 17186 | Lair:1   | Reached skill level 2 in Dodging
 17487 | Lair:1   | Identified a scroll of acquirement
 17487 | Lair:1   | Acquired a +1 barding of fire resistance
 17498 | Lair:1   | Reached skill level 3 in Dodging
 17754 | Lair:1   | Reached skill level 1 in Armour
 17940 | Lair:1   | Reached skill level 2 in Armour
 18104 | Lair:2   | Reached skill level 4 in Dodging
 18302 | Lair:2   | Reached skill level 3 in Armour
 18302 | Lair:2   | Gained mutation: You can use your snake-like lower body to
                  | constrict enemies. [Naga growth]
 18302 | Lair:2   | Reached XP level 13. HP: 115/115 MP: 2/26
 18427 | Lair:2   | You add the spells Shock and Maxwell's Capacitive Coupling
                  | to your library.
 18427 | Lair:2   | Got Roatua Lifogg's Disquisition on the Storm and Curses
 18435 | Lair:2   | You pick up a book of Air and begin reading...
 18435 | Lair:2   | You add the spells Swiftness and Airstrike to your library.
 18865 | Lair:2   | Found a staircase to the Snake Pit.
 19535 | D:5      | Bought a book of Alchemy for 308 gold pieces
 19535 | D:5      | You pick up a book of Alchemy and begin reading...
 19535 | D:5      | You add the spells Sublimation of Blood, Petrify and
                  | Irradiate to your library.
 19541 | D:5      | Learned a level 5 spell: Irradiate
 19785 | Lair:3   | Reached skill level 1 in Transmutations
 19876 | Lair:3   | Reached ****** piety under Cheibriados
 19877 | Lair:3   | Reached skill level 3 in Transmutations
 20065 | Lair:3   | Found a staircase to the Swamp.
 20129 | Lair:3   | Reached skill level 4 in Transmutations
 20259 | Lair:3   | Reached skill level 5 in Transmutations
 20653 | Lair:3   | Reached skill level 6 in Transmutations
 21468 | Lair:4   | Reached skill level 7 in Transmutations
 21614 | Lair:4   | Found a staircase to the Slime Pits.
 21614 | Lair:4   | Found a viscous altar of Jiyva.
 21622 | Lair:4   | Reached skill level 5 in Dodging
 21823 | Lair:4   | Reached skill level 4 in Armour
 21985 | Lair:4   | Reached skill level 6 in Dodging
 22092 | Lair:4   | Reached skill level 5 in Armour
 22492 | Lair:5   | Entered Level 5 of the Lair of Beasts
 22623 | Lair:5   | Reached XP level 14. HP: 111/123 MP: 21/27
 22625 | Lair:5   | Reached skill level 6 in Armour
 22625 | Lair:5   | Reached skill level 7 in Dodging
 23689 | Lair:5   | Noticed a dire elephant
 23690 | Lair:5   | Noticed a dire elephant
 23851 | Lair:5   | Reached skill level 7 in Armour
 23982 | Lair:5   | Reached skill level 8 in Dodging
 24576 | Lair:5   | Killed a dire elephant
 24694 | Lair:5   | Killed a dire elephant
 24701 | Lair:5   | Reached skill level 8 in Armour
 25512 | Orc:1    | Reached skill level 9 in Dodging
 26133 | Orc:1    | You pick up a book of Flames and begin reading...
 26133 | Orc:1    | You add the spells Inner Flame, Sticky Flame and Flame Wave
                  | to your library.
 26135 | Orc:1    | You pick up a book of Vapours and begin reading...
 26135 | Orc:1    | You add the spells Poisonous Vapours and Freezing Cloud to
                  | your library.
 26142 | Orc:1    | Learned a level 5 spell: Freezing Cloud
 26198 | Orc:2    | Entered Level 2 of the Orcish Mines
 26531 | Orc:2    | Noticed Maurice
 26536 | Orc:2    | Reached skill level 1 in Ice Magic
 26536 | Orc:2    | Reached skill level 1 in Air Magic
 26536 | Orc:2    | Killed Maurice
 26994 | Orc:2    | Reached XP level 15. HP: 129/129 MP: 22/28
 27175 | Orc:2    | Noticed Urug
 27184 | Orc:2    | Killed Urug
 27185 | Orc:2    | Reached skill level 2 in Ice Magic
 27185 | Orc:2    | Reached skill level 2 in Air Magic
 27360 | Orc:2    | Found a staircase to the Elven Halls.
 27523 | Orc:2    | Found Biebb's Antique Weapon Boutique.
 27528 | Orc:2    | Reached skill level 10 in Spellcasting
 27529 | Orc:2    | Reached skill level 3 in Ice Magic
 27529 | Orc:2    | Reached skill level 3 in Air Magic
 27612 | Orc:2    | Found Tenitypri's Antique Armour Emporium.
 27622 | Orc:2    | Found Pyle's Jewellery Emporium.
 27624 | Orc:2    | Found Sezeck's Weapon Boutique.
 27642 | Orc:2    | Bought a masterwork tower shield for 275 gold pieces
 27642 | Orc:2    | Identified the +7 tower shield "Lyrravarch" {Harm rElec
                  | Int+4 Dex-4} (You bought it in a shop on level 2 of the
                  | Orcish Mines)
 27645 | Orc:2    | Bought a heavily runed cloak for 275 gold pieces
 27645 | Orc:2    | Identified the +2 cloak of the Sky {rPois rF+ rC- SInv}
                  | (You bought it in a shop on level 2 of the Orcish Mines)
 27780 | D:9      | magus.rc [v1.9.6]
 28072 | D:5      | Bought a spiked orb for 364 gold pieces
 28072 | D:5      | Identified the orb of Olane {light, rElec} (You bought it
                  | in a shop on level 5 of the Dungeon)
 28384 | D:12     | You pick up a book of Storms and begin reading...
 28384 | D:12     | You add the spells Static Discharge and Summon Lightning
                  | Spire to your library.
 28426 | D:12     | Learned a level 4 spell: Summon Lightning Spire
 28696 | D:12     | Reached skill level 4 in Ice Magic
 28696 | D:12     | Reached skill level 4 in Air Magic
 28774 | D:12     | Acquired 520 gold pieces
 29108 | D:12     | Reached skill level 3 in Summonings
 29452 | D:13     | Found Xorushru's Magic Scroll Shoppe.
 29954 | D:13     | Noticed Lodul
 29960 | D:13     | Killed Lodul
 30705 | D:14     | HP: 28/129 [freezing wraith[a death knight] (14)]
 30706 | D:14     | Slain by a freezing wraith

Vanquished Creatures
  2 dire elephants (Lair:5)
  6 hydras
  A catoblepas (Lair:1)
  An ogre mage (Orc:1)
  Erica (D:8)
  A death knight (D:14)
  12 death yaks
  6 two-headed ogres
  Urug (Orc:2)
  3 orc high priests (Orc:2)
  A spectral death yak (Lair:5)
  A skyshark (Lair:4)
  A skeletal warrior (D:14)
  A spectral anaconda (Lair:5)
  Lodul (D:13)
  An obsidian statue (Lair:5)
  A phantasmal warrior (D:14)
  2 deep elf pyromancers
  4 necromancers (Lair:5)
  An oklob plant (D:11)
  7 orc knights
  7 orc sorcerers
  2 cyclopes
  3 manticores
  6 black mambas
  Maurice (Orc:2)
  11 elephants (Lair:5)
  A torpor snail (Lair:5)
  2 gargoyles
  An unseen horror (D:11)
  11 cane toads
  4 rime drakes
  8 komodo dragons
  A meliai (D:9)
  2 polar bears
  7 trolls
  7 blink frogs
  11 slime creatures
  2 wyverns
  2 vampires
  32 yaks
  A shadow (D:11)
  2 wraiths
  A death yak simulacrum (Lair:5)
  6 basilisks
  3 steam dragons
  A golden eye (shapeshifter) (D:14)
  3 vampire mosquitoes (D:11)
  4 nagas (Lair:2)
  4 wargs
  Edmund (D:6)
  33 water moccasins
  An acid dragon (D:11)
  25 orc warriors
  3 black bears
  2 sky beasts
  3 wolves (Lair:3)
  An elephant zombie (Lair:5)
  15 ogres
  5 centaurs
  15 bullfrogs
  3 scorpions (D:5)
  3 gnoll sergeants
  7 wights
  A cane toad simulacrum (Lair:5)
  11 killer bees
  An electric eel (Lair:1)
  12 howler monkeys
  A hound (D:6)
  Crazy Yiuf (D:6)
  A gnoll bouda (D:7)
  20 orc priests
  3 jellies
  A sleepcap (D:7)
  3 iguanas
  29 orc wizards
  14 gnolls
  20 adders
  A shadow imp (D:5)
  A white imp (D:5)
  2 worms
  4 dart slugs
  78 orcs
  3 ball pythons (D:1)
  5 endoplasms
  7 giant cockroaches
  10 hobgoblins
  5 jackals
  14 kobolds
  4 quokkas
  5 bats
  2 frilled lizards
  10 goblins
  3 rats
590 creatures vanquished.

Vanquished Creatures (collateral kills)
  An unseen horror (D:12)
  A water moccasin (D:6)
  A kobold brigand (D:6)
  A gnoll bouda (D:8)
  An orc priest (D:9)
  A jelly (D:6)
  Robin (D:2)
  3 gnolls (D:5)
  2 adders
  A shadow imp (D:6)
  A worm (D:4)
  2 jackals (D:1)
  A quokka (D:2)
17 creatures vanquished.

Vanquished Creatures (others)
  A tengu warrior (D:9)
  An orc wizard (D:9)
2 creatures vanquished.

Grand Total: 609 creatures vanquished

Table legend:
 A = Non-vault XP
 B = Vault XP
 C = Vault XP percentage of total XP
 D = Non-vault monster count
 E = Vault monster count
 F = Vault count percentage of total count
                 A         B        C        D         E       F
            +---------+---------+-------+---------+---------+-------
      Total |   70591 |   36641 |  34.2 |     449 |     160 |  26.3
            +---------+---------+-------+---------+---------+-------
        D:1 |      31 |       0 |   0.0 |      18 |       0 |   0.0
        D:2 |      34 |      42 |  55.3 |      18 |      15 |  45.5
        D:3 |      63 |       0 |   0.0 |      14 |       0 |   0.0
        D:4 |     102 |       0 |   0.0 |      18 |       0 |   0.0
        D:5 |     985 |       0 |   0.0 |      23 |       0 |   0.0
        D:6 |    1097 |    1007 |  47.9 |      24 |       7 |  22.6
        D:7 |     801 |      40 |   4.8 |      21 |       1 |   4.5
        D:8 |    1222 |    1179 |  49.1 |      18 |       4 |  18.2
        D:9 |    1331 |    2442 |  64.7 |      23 |      22 |  48.9
       D:10 |    2049 |       0 |   0.0 |      13 |       0 |   0.0
       D:11 |    3885 |     595 |  13.3 |      22 |       1 |   4.3
       D:12 |    4656 |       0 |   0.0 |      30 |       0 |   0.0
       D:13 |    1305 |    1433 |  52.3 |       6 |       7 |  53.8
       D:14 |    3362 |       0 |   0.0 |       7 |       0 |   0.0
     Lair:1 |    5790 |    3144 |  35.2 |      23 |      32 |  58.2
     Lair:2 |    2358 |     943 |  28.6 |       8 |       5 |  38.5
     Lair:3 |    6133 |    1306 |  17.6 |      27 |       4 |  12.9
     Lair:4 |   10760 |     668 |   5.8 |      28 |       3 |   9.7
     Lair:5 |   12870 |   13529 |  51.2 |      29 |      24 |  45.3
      Orc:1 |    8696 |     841 |   8.8 |      55 |       8 |  12.7
      Orc:2 |    3061 |    9472 |  75.6 |      24 |      27 |  52.9
            +---------+---------+-------+---------+---------+-------

Skill      XL: |  1  2  3  4  5  6  7  8  9 10 11 12 13 14 15 |
---------------+----------------------------------------------+-----
Summonings     | 2 3 |  3.5
Poison Magic   | 1 2 4 5 6 |  6.1
Spellcasting   | 4 5 6 9 10 | 10.5
Conjurations   | 2 3 4 5 8 10 | 10.0
Fighting       | 4 7 |  7.3
Stealth        | 7 |  7.0
Invocations    | 4 8 |  8.5
Earth Magic    | 6 8 |  8.4
Dodging        | 4 6 9 |  9.1
Armour         | 3 5 8 |  8.4
Transmutations | 7 |  7.1
Ice Magic      | 1 4 |  4.7
Air Magic      | 1 4 |  4.7
Translocations | |  1.0

Action                     |  1- 3 |  4- 6 |  7- 9 | 10-12 | 13-15 || total
---------------------------+-------+-------+-------+-------+-------++-------
  Melee: Dagger            |    37 |    44 |    53 |       |       ||   134
         Punch             |       |       |     3 |     9 |     2 ||    14
         Mace              |       |       |    37 |   223 |   222 ||   482
         War axe           |       |       |    25 |       |       ||    25
         Unarmed           |       |       |       |     9 |       ||     9
         Constrict         |       |       |       |       |    61 ||    61
   Cast: Magic Dart        |    55 |   160 |   245 |    94 |     2 ||   556
         Call Imp          |     5 |     9 |    14 |     3 |       ||    31
         Mephitic Cloud    |       |     1 |    27 |    34 |     5 ||    67
         Blink             |       |       |       |     1 |       ||     1
         Stone Arrow       |       |       |       |   146 |   325 ||   471
         Irradiate         |       |       |       |       |    37 ||    37
         Freezing Cloud    |       |       |       |       |     9 ||     9
         Summon Lightning  |       |       |       |       |     1 ||     1
 Invoke: Slouch            |       |       |       |     6 |    15 ||    21
         Bend Time         |       |       |       |       |     1 ||     1
Ability: Spit Poison       |    11 |     9 |    13 |    13 |     5 ||    51
  Evoke: Wand              |       |       |     3 |     5 |     6 ||    14
    Use: Potion            |     3 |       |       |     2 |     2 ||     7
         Scroll            |       |     7 |     9 |     3 |    11 ||    30
   Stab: Confused          |       |       |     9 |    25 |     7 ||    41
         Sleeping          |       |       |       |     1 |       ||     1
         Invisible         |       |       |       |     4 |       ||     4
 Armour: Robe              |    17 |    25 |    89 |       |       ||   131
         Ring mail         |       |       |       |   263 |   258 ||   521
         Skin              |       |       |       |     2 |       ||     2
  Dodge: Dodged            |    30 |    36 |   130 |   230 |   483 ||   909

Illustrated notes

Table legend:
 A = Kills in this place as a percentage of kills in the entire game.
 B = Kills by you in this place as a percentage of kills by you in the entire game.
 C = Kills by friends in this place as a percentage of kills by friends in the entire game.
 D = Other kills in this place as a percentage of other kills in the entire game.
 E = Experience gained in this place as a percentage of experience gained in the entire game.
 F = Experience gained in this place divided by the number of levels of this place that you have seen.
                   A       B       C       D       E      F
               +-------+-------+-------+-------+-------+----------------------
         Total | 100.0 | 100.0 | 100.0 | 100.0 | 100.0 | 5106.3
       Dungeon |  51.2 |  48.7 | 100.0 |  78.3 |  25.8 | 1975.8
          Lair |  30.0 |  31.3 |   0.0 |  21.7 |  53.6 | 11500.2
  Orcish Mines |  18.7 |  20.0 |   0.0 |   0.0 |  20.6 | 11035.0
               +-------+-------+-------+-------+-------+----------------------

Table legend: (Time is in decaauts)
 A = Elapsed time spent in this place.
 B = Non-inter-level travel time spent in this place.
 C = Inter-level travel time spent in this place.
 D = Time resting spent in this place.
 E = Time spent auto-exploring this place.
 F = Levels seen in this place.
 G = Mean time per level.
                   A        B        C        D        E       F      G
               +--------+--------+--------+--------+--------+-----+--------+
         Total |  51357 |  46704 |   4653 |   6611 |  34869 |  21 | 2445.6 |
       Dungeon |  31604 |  27935 |   3669 |   3743 |  21216 |  14 | 2257.4 |
          Lair |  16123 |  15271 |    852 |   2292 |  11257 |   5 | 3224.6 |
  Orcish Mines |   3630 |   3500 |    130 |    575 |   2395 |   2 | 1815.0 |
               +--------+--------+--------+--------+--------+-----+--------+

Top non-repeatable levels by time:
  Lair:5: 4757 daAuts
     D:6: 3846 daAuts
    D:11: 3579 daAuts
  Lair:1: 3547 daAuts
     D:9: 3487 daAuts
     D:5: 3341 daAuts
  Lair:3: 3135 daAuts
  Lair:2: 2691 daAuts
    D:13: 2460 daAuts
     D:7: 2348 daAuts
     D:8: 2005 daAuts
  Lair:4: 1990 daAuts
   Orc:2: 1946 daAuts
    D:10: 1926 daAuts
    D:12: 1835 daAuts
